 Dungeon Crawl Stone Soup version 0.19.1 (webtiles) character file.

5398 SQman the Cleaver (level 10, -1/81 HPs)
             Began as a Minotaur Fighter on Dec 15, 2016.
             Slain by a killer bee (4 damage)
             ... on level 9 of the Dungeon.
             The game lasted 00:51:17 (6298 turns).

SQman the Cleaver (Minotaur Fighter)                Turns: 6298, Time: 00:51:18

Health: -1/81      AC:  2    Str: 23    XL:     10   Next: 40%
Magic:  10/10      EV: 21    Int:  5    God:    Xom [..*...]
Gold:   290        SH:  0    Dex: 17    Spells: 1 memorised, 8 levels left

rFire  . . .     SeeInvis .     (weapon currently unavailable)
rCold  . . .     Gourm    .     (armour currently unavailable)
rNeg   . . .     Faith    .     (shield currently unavailable)
rPois  .         Spirit   .     (helmet currently unavailable)
rElec  .         Reflect  .     (cloak currently unavailable)
rCorr  .         Harm     .     (gloves currently unavailable)
MR     .....     Rnd*Rage +     (boots currently unavailable)
Stlth  ++........               (no amulet)
                                b - +3 ring of dexterity
                                B - ring of poison resistance

@: lethally poisoned (-1 -> -8), exhausted, spider-form, death channel
(expiring), slowed, very slow
A: (retaliatory headbutt), (horns 0), (talons 0), berserk 1, clumsy 1,
deterioration 1, frail 1
a: Renounce Religion


You were on level 9 of the Dungeon.
You worshipped Xom.
You were a toy of Xom.
You were full.
You were a venomous arachnid creature.
You visited 1 branch of the dungeon, and saw 10 of its levels.

You collected 442 gold pieces.
You spent 152 gold pieces at shops.

Inventory:

Hand Weapons
 p - a +1 fustibalus of freezing
 u - a -1 war axe
 v - a +1 war axe (melded)
Missiles
 e - 215 stones (quivered)
 z - 16 sling bullets
Armour
 c - a +1 shield (melded)
 i - a +3 chain mail of poison resistance (melded)
 s - a +0 cloak (melded)
 x - a +0 pair of boots (melded)
 G - the +0 pair of gloves of the Harvest Moon (melded) {MR- rCorr SInv}
   (You bought it in a shop on level 6 of the Dungeon)

   It affects your resistance to hostile enchantments.
   It lets you see invisible.
   It protects you from acid and corrosion.
Jewellery
 b - a +3 ring of dexterity (right front leg)
 n - an uncursed ring of protection from cold
 B - a ring of poison resistance (left front leg)
Wands
 k - a wand of flame (11/48)
 l - a wand of lightning (3/15)
 r - a wand of flame (8/48)
 y - a wand of slowing (20/48)
 D - a wand of flame (34/48)
Scrolls
 t - 2 scrolls of teleportation
 C - 2 scrolls of identify
 E - a scroll of remove curse
Potions
 j - a potion of invisibility
 m - 2 potions of brilliance
Books
 A - a book of Changes

   Spells                             Type                      Level
   a - Beastly Appendage              Transmutation                1
   b - Sticks to Snakes               Transmutation                2
   c - Spider Form                    Transmutation/Poison         3
   d - Ice Form                       Ice/Transmutation            4
   e - Blade Hands                    Transmutation                5
Comestibles
 a - 2 chunks of flesh
 f - 3 bread rations
 h - 4 meat rations
 o - a royal jelly
 w - 2 slices of pizza
 F - 4 mutagenic chunks of flesh


   Skills:
 + Level 8.5 Fighting
 + Level 12.4 Axes
 + Level 7.2 Armour
 + Level 3.2 Dodging
 + Level 0.8 Stealth
 + Level 9.0 Shields
 + Level 0.4 Unarmed Combat
 + Level 1.3 Evocations


You had 8 spell levels left.
You knew the following spells:

 Your Spells              Type           Power        Failure   Level  Hunger
a - Beastly Appendage     Tmut           #.....       77%         1    ##.....


Dungeon Overview and Level Annotations

Branches:
Dungeon (10/15)            Temple (0/1) D:6
   Lair: D:8-11         Orc: D:9-12

Altars:
Ashenzari
Elyvilon
Gozag
Trog
Xom

Shops:
D:6 [   D:9 *

Annotations:
D:8 Psyche


Innate Abilities, Weirdness & Mutations

((You reflexively headbutt those who attack you in melee.))
((You have a pair of horns on your head.))
((You have sharp toenails.))
You tend to lose your temper in combat.
You are clumsy. (Dex -2)
Your body sometimes deteriorates upon taking damage.
You are frail. (-10% HP)


Message History

The killer bee misses you.
Your spectral killer bee hits the killer bee.
The killer bee completely misses you. The killer bee stings you.
* * * LOW HITPOINT WARNING * * *
The killer bee completely misses you.
Your spectral killer bee completely misses the killer bee.
You miss the killer bee.
The killer bee is almost dead.
Your unholy channel is weakening.
You feel sick.
The killer bee stings you but does no damage.
The killer bee misses you. The killer bee completely misses you.
Your spectral killer bee closely misses the killer bee.
The killer bee misses you. The killer bee closely misses you.
The killer bee misses you.
Your spectral killer bee completely misses the killer bee.
The killer bee closely misses you. The killer bee stings you!
* * * LOW HITPOINT WARNING * * *
The killer bee stings you.
You die...

##.......∩........# .$...
##...............###.....
##......................
##.....................
##....................
##.........%.........
##......§§§........#
##.....†yy.......##
##....Zys....$.##
##...........##
##.........## ##....<..##
#########


You could see 3 killer bees and a friendly spectral killer bee.

Vanquished Creatures
  Erica (D:8)
  An unseen horror (D:9)
  Grinder (D:5)
  2 hippogriffs
  Grum (D:8)
  Menkaure (D:6)
  2 ice beasts
  2 sky beasts
  A black bear (D:9)
  An orc warrior (D:8)
  A necrophage (D:6)
  3 ogres
  3 phantoms
  A wolf (D:8)
  3 centaurs
  Blork the orc (D:5)
  5 bullfrogs
  A scorpion (D:7)
  A killer bee (D:9)
  4 wights (D:6)
  2 howler monkeys (D:8)
  A bullfrog zombie (D:8)
  A quasit (D:6)
  A jelly (D:6)
  2 orc priests (D:8)
  3 orc wizards
  A hound (D:6)
  A bullfrog skeleton (D:6)
  2 centaur skeletons
  Crazy Yiuf (D:5)
  4 iguanas
  Ijyb (D:3)
  6 worker ants
  Natasha (thrice) (D:3)
  A hound skeleton (D:4)
  A hound zombie (D:7)
  A howler monkey zombie (D:5)
  A worker ant zombie (D:6)
  7 adders
  A shadow imp (D:5)
  2 oozes
  2 adder zombies
  5 worms
  2 dart slugs (D:1)
  3 leopard geckos
  26 orcs
  7 giant cockroaches
  8 goblins
  12 hobgoblins
  6 jackals
  6 quokkas
  2 ball pythons
  5 bats
  9 frilled lizards
  A jackal skeleton (D:6)
  6 kobolds
  A quokka zombie (D:5)
  9 rats
189 creatures vanquished.

Vanquished Creatures (collateral kills)
  A wolf (D:8)
  A centaur (D:7)
  A centaur zombie (D:5)
  A hound (D:5)
4 creatures vanquished.

Vanquished Creatures (others)
  An adder (D:7)
  A jackal (D:9)
2 creatures vanquished.

Grand Total: 195 creatures vanquished

Notes
Turn   | Place    | Note
-------+----------+-------------------------------------------
     0 | D:1      | SQman the Minotaur Fighter began the quest for the Orb.
     0 | D:1      | Reached XP level 1. HP: 19/19 MP: 0/0
    86 | D:1      | Reached XP level 2. HP: 26/27 MP: 1/1
   816 | D:2      | Reached XP level 3. HP: 25/33 MP: 2/2
  1186 | D:2      | Reached skill level 3 in Axes
  1665 | D:3      | Noticed Ijyb
  1680 | D:3      | Killed Ijyb
  1680 | D:3      | Reached XP level 4. HP: 39/41 MP: 3/3
  1829 | D:3      | Found a shattered altar of Ashenzari.
  1833 | D:3      | Saw a vision of the Shoals and the Snake Pit.
  1833 | D:3      | Noticed a naga mage
  1833 | D:3      | Noticed a siren
  1833 | D:3      | Noticed an anaconda
  1833 | D:3      | Noticed a black mamba
  1833 | D:3      | Noticed a naga
  1833 | D:3      | Noticed a naga warrior
  1833 | D:3      | Noticed a merfolk
  1833 | D:3      | Noticed a merfolk
  1834 | D:3      | Noticed a hippogriff
  1834 | D:3      | Noticed a black mamba
  1834 | D:3      | Noticed a hippogriff
  1835 | D:3      | Noticed a naga
  2119 | D:3      | Found an opulent altar of Gozag.
  2203 | D:3      | Found a shimmering altar of Xom.
  2205 | D:3      | Noticed Natasha
  2214 | D:3      | Killed Natasha
  2214 | D:3      | Reached skill level 4 in Axes
  2214 | D:3      | Reached XP level 5. HP: 27/47 MP: 4/4
  2226 | D:3      | Became a worshipper of Xom the Psychopath
  2296 | D:3      | Noticed Natasha
  2316 | D:3      | Killed Natasha
  2371 | D:3      | XOM: divination: magic mapping
  2516 | D:3      | Noticed Natasha
  2519 | D:3      | Killed Natasha
  2604 | D:4      | Noticed an ogre
  2610 | D:4      | Reached skill level 1 in Dodging
  2611 | D:4      | Killed an ogre
  2611 | D:4      | Reached skill level 5 in Fighting
  2611 | D:4      | Reached skill level 5 in Axes
  2611 | D:4      | Reached skill level 5 in Shields
  2611 | D:4      | Reached XP level 6. HP: 49/56 MP: 5/5
  2769 | D:4      | XOM: cloud trail
  3187 | D:4      | Reached skill level 5 in Armour
  3187 | D:4      | Reached XP level 7. HP: 51/61 MP: 6/6
  3200 | D:4      | XOM: god gift: wand of flame {god gift}
  3212 | D:4      | Reached skill level 6 in Axes
  3254 | D:4      | Found a shattered altar of Ashenzari.
  3254 | D:4      | Found a white marble altar of Elyvilon.
  3417 | D:5      | Entered Level 5 of the Dungeon
  3420 | D:5      | Found a bloodstained altar of Trog.
  3540 | D:5      | Noticed Grinder
  3552 | D:5      | Paralysed by Grinder for 5 turns
  3560 | D:5      | XOM: enchant monster (good)
  3595 | D:5      | Killed Grinder
  3602 | D:5      | Reached skill level 7 in Axes
  3604 | D:5      | Noticed Blork the orc
  3609 | D:5      | Killed Blork the orc
  3688 | D:5      | Reached XP level 8. HP: 44/70 MP: 7/7
  3777 | D:5      | Found a runed door.
  3781 | D:5      | Noticed Crazy Yiuf
  3783 | D:5      | Killed Crazy Yiuf
  3843 | D:5      | XOM: summons 8 friendly demons
  3916 | D:5      | XOM is BORED!
  3916 | D:5      | XOM: give mutations
  3916 | D:5      | Gained mutation: You tend to lose your temper in combat. [Xom's mischief]
  3916 | D:5      | Gained mutation: You have sharp toenails. [Xom's mischief]
  3916 | D:5      | Gained mutation: Your spells are a little easier to cast, but a little less powerful. [Xom's mischief]
  3916 | D:5      | Lost mutation: Your spells are a little easier to cast, but a little less powerful. [Xom's mischief]
  4109 | D:6      | Reached skill level 8 in Axes
  4145 | D:6      | XOM: scenery: 1 doors close
  4189 | D:6      | Reached skill level 1 in Evocations
  4219 | D:6      | Found Pump's Antique Armour Shoppe.
  4222 | D:6      | Bought a pair of bloodstained gloves for 152 gold pieces
  4227 | D:6      | Identified the +0 pair of gloves of the Harvest Moon {MR- rCorr SInv} (You bought it in a shop on level 6 of the Dungeon)
  4511 | D:6      | Reached skill level 9 in Axes
  4689 | D:6      | XOM: potion effect (haste)
  4722 | D:6      | Reached XP level 9. HP: 75/78 MP: 8/8
  4902 | D:6      | Found a staircase to the Ecumenical Temple.
  4928 | D:6      | Noticed Menkaure
  4934 | D:6      | Killed Menkaure
  4934 | D:6      | Reached skill level 10 in Axes
  5016 | D:6      | XOM: cloud trail
  5172 | D:7      | XOM: summons 5 friendly demons
  5239 | D:7      | XOM: destruction
  5306 | D:7      | XOM: scenery: create altars
  5628 | D:7      | Reached skill level 11 in Axes
  5927 | D:8      | XOM: enchant monster (good)
  5956 | D:8      | Noticed Grum
  5963 | D:8      | XOM: fog
  5975 | D:8      | Killed Grum
  6016 | D:8      | XOM: medium Tmut miscast
  6056 | D:8      | Gained mutation: Your body sometimes deteriorates upon taking damage. [mutagenic glow]
  6076 | D:8      | Gained mutation: You are frail. (-10% HP) [mutagenic glow]
  6077 | D:8      | Noticed Erica
  6078 | D:8      | XOM: enchant monster (bad)
  6083 | D:8      | Killed Erica
  6083 | D:8      | Reached XP level 10. HP: 76/79 MP: 10/10
  6093 | D:8      | Gained mutation: You are clumsy. (Dex -2) [mutagenic glow]
  6104 | D:8      | Noticed Psyche
  6111 | D:8      | XOM: mild Necr miscast
  6114 | D:8      | Reached skill level 12 in Axes
  6151 | D:8      | Learned a level 1 spell: Beastly Appendage
  6167 | D:8      | You fall through a shaft for 2 floors!
  6167 | D:10     | Entered Level 10 of the Dungeon
  6206 | D:9      | XOM: mild Hex miscast
  6209 | D:9      | XOM: enchant monster (bad)
  6235 | D:9      | Found Podghura's Assorted Antiques.
  6264 | D:9      | Noticed an unseen horror
  6267 | D:9      | XOM: enchant monster (good)
  6279 | D:9      | XOM: cast spell 'Death Channel'
  6286 | D:9      | XOM: cast spell 'Spider Form'
  6293 | D:9      | Killed an unseen horror
  6298 | D:9      | HP: 3/81 [killer bee (7)]
  6298 | D:9      | Slain by a killer bee

Skill      XL: |  1  2  3  4  5  6  7  8  9 10 |
---------------+-------------------------------+-----
Fighting       | 4 5 6 7 8 |  8.5
Shields        | 4 5 6 7 8 9 |  9.0
Armour         | 4 5 6 7 |  7.2
Axes           | 3 4 5 7 9 11 12 | 12.4
Dodging        | 1 2 3 |  3.2
Evocations     | 1 |  1.3
Stealth        | |  0.8
Unarmed Combat | |  0.4

Action                   |  1- 3 |  4- 6 |  7- 9 | 10-12 || total
-------------------------+-------+-------+-------+-------++-------
Melee: War axe           |   120 |   131 |   268 |    45 ||   564
       Headbutt          |    16 |    20 |    54 |    10 ||   100
       Unarmed           |       |       |       |     7 ||     7
 Fire: Fustibalus        |       |     2 |       |       ||     2
Throw: Stone             |     5 |     1 |     1 |       ||     7
Evoke: Wand              |       |     1 |     2 |       ||     3
  Use: Potion            |     5 |     1 |     3 |     2 ||    11
       Scroll            |     7 |     4 |    10 |     2 ||    23
  Eat: Chunk             |     3 |     1 |     4 |       ||     8
       Bread ration      |       |     1 |     1 |       ||     2
       Beef jerky        |       |       |     1 |       ||     1
       Meat ration       |       |       |     1 |       ||     1
Armor: Scale mail        |    44 |    49 |     7 |       ||   100
       Chain mail        |       |       |   101 |    51 ||   152
       Skin              |       |       |       |     3 ||     3
Dodge: Dodged            |    31 |    46 |    60 |    92 ||   229
Block: Shield            |    51 |    65 |   133 |    50 ||   299
